 Dungeon Crawl Stone Soup version 0.27.1-33-g824d729ab1 (webtiles) character file.

Game seed: 1475767109714733654

1292 hurricos the Ruffian (level 8, 0/70 (75) HPs)
             Began as a Troll Warper on Nov 30, 2021.
             Was a Follower of Cheibriados.
             Slain by a wight (8 damage)
             ... on level 4 of the Dungeon.
             The game lasted 00:04:05 (2665 turns).

hurricos the Ruffian (Troll Warper)                 Turns: 2665, Time: 00:04:05

HP:   0/70 (75)     AC:  3    Str: 23      XL:     8   Next: 30%
MP:   8/8           EV:  8    Int: 12 (13) God:    Cheibriados [*.....]
Gold: 1343          SH:  0    Dex: 12 (13) Spells: 7/9 levels left

rFire    + . .     SeeInvis .     - Unarmed
rCold    . . .     Faith    .   h - +0 kite shield
rNeg     . . .     Spirit   .   a - +0 robe
rPois    .         Reflect  .   (helmet restricted)
rElec    .         Harm     .   (no cloak)
rCorr    .         Rampage  .   (gloves unavailable)
Will     .....                  (boots unavailable)
Stlth    +.........             (no amulet)
HPRegen  1.21/turn              (no ring)
MPRegen  0.11/turn              (no ring)

@: confused, ambrosia-drunk, drained, very slow
A: large, unfitting armour, claws 3, regeneration 1, shaggy fur 1, tough skin 1,
deformed body, fire resistance 1
a: Renounce Religion, Bend Time


You were on level 4 of the Dungeon.
You worshipped Cheibriados.
Cheibriados was aware of your devotion.
You visited 1 branch of the dungeon, and saw 4 of its levels.

You collected 1343 gold pieces.

Inventory:

Missiles
 c - 5 boomerangs of dispersal (quivered)
 m - 6 boomerangs
Armour
 a - a +0 robe (worn)
 h - a +0 kite shield (worn)
Scrolls
 b - a scroll of blinking
 d - 3 scrolls of fog
 e - 2 scrolls of teleportation
 g - 2 scrolls of fear
 l - 2 scrolls of torment {unknown}
 n - a scroll of enchant armour {unknown}


   Skills:
 + Level 3.5 Fighting
 - Level 0.8 Throwing
 + Level 3.7 Dodging
 + Level 3.0 Shields
 * Level 7.7 Unarmed Combat
 - Level 1.2 Spellcasting
 - Level 2.1 Translocations


You had 7 spell levels left.
You knew the following spells:

 Your Spells              Type           Power      Damage    Failure   Level
b - Blink                 Tloc           N/A        N/A       54%         2

Your spell library contained the following spells:

 Spells                   Type           Power      Damage    Failure   Level
 Corona                   Hex            0%         N/A       73%         1
 Foxfire                  Conj/Fire      0%         2x1d4     73%         1
 Sandblast                Erth           0%         2d4       73%         1
 Gell's Gravitas          Tloc           3%         N/A       78%         3
 Lesser Beckoning         Tloc           3%         N/A       78%         3
 Teleport Other           Tloc           6%         N/A       78%         3
 Ensorcelled Hibernation  Hex/Ice        0%         N/A       86%         2
 Slow                     Hex            0%         N/A       86%         2
 Confusing Touch          Hex            0%         N/A       97%         3
 Conjure Flame            Conj/Fire      0%         6-21      97%         3
 Ignite Poison            Fire/Tmut/Pois 0%         N/A       97%         3
 Inner Flame              Hex/Fire       0%         N/A       97%         3
 Spider Form              Tmut/Pois      0%         N/A       97%         3
 Tukima's Dance           Hex            0%         N/A       97%         3
 Sticky Flame             Conj/Fire      0%         2d3       100%        4
 Manifold Assault         Tloc           6%         N/A       100%        5
 Yara's Violent Unravell  Hex/Tmut       0%         3d3       100%        5
 Shadow Creatures         Summ           N/A        N/A       100%        6


Dungeon Overview and Level Annotations

Branches:
Dungeon (4/15)
 Temple: D:4-7

Altars:
Cheibriados
Makhleb
Okawaru
Qazlal

Annotations:
D:3 1 runed translucent door, Crazy Yiuf


Innate Abilities, Weirdness & Mutations

You are too large for most types of armour.
You have claws for hands.
Your natural rate of healing is unusually fast.
You are covered in fur. (AC +1)
You have tough skin. (AC +1)
Armour fits poorly on your strangely shaped body.
Your flesh is heat resistant. (rF+)


Message History

A wight is nearby!
A wight comes into view.
It is wielding a +3 halberd of freezing.
The wight hits you with a +5 hand axe!
There is an open door, spattered with blood here.
You claw the wight!
The wight is severely damaged.
You block the wight's attack. The wight closely misses you.
You block the wight's attack.
You claw the wight!
You destroy the wight!
Cheibriados appreciates the change of pace.
The wight hits you from afar with a +3 halberd of freezing.
You feel drained. The wight freezes you.
Your Shields skill increases to level 3!
You block the wight's attack.
The wight hits you with a +3 halberd of freezing!
The wight freezes you.
You closely miss the wight.
The wight hits you with a +3 halberd of freezing!
You feel drained. The wight freezes you.
* * * LOW HITPOINT WARNING * * *
You are too injured to fight recklessly!
You are too injured to fight recklessly!
You are too injured to fight recklessly!
You are too injured to fight recklessly!
You claw the wight!
The wight is heavily damaged.
The wight completely misses you.
You scratch the wight.
The wight is severely damaged.
The wight hits you with a +3 halberd of freezing!
* * * LOW HITPOINT WARNING * * *
You feel drained.
* * * LOW HITPOINT WARNING * * *
The wight freezes you.
* * * LOW HITPOINT WARNING * * *
You are confused.
You feel invigorated.
The wight hits you with a +3 halberd of freezing!
You die...

###### ###### ### ##....####
#....#########.. .#....#.....
#....#...#..(#.. .#....#....
#....'...#...#.. .'....#....
#....#...#...'.. .#....#...####
###....#'#######..
##....#...##.###.##......########
......#........').#......#..#...#
......#.......)#@.#......#..'...#
......#........#z.#......#..##..#
......#..###..##..#......#..##..#
......#..###..#####......#..#...#
......#.......# #......'..#...'
......'.......# #.>....#..#####
.....)##'##.### #......#'##....
......#..############............
......#.............'............


You could see a wight.

Vanquished Creatures
  5 yaks (D:4)
  An ogre (D:4)
  A necrophage (D:2)
  A bullfrog (D:4)
  2 wights (D:4)
  3 hounds (D:4)
  A jelly (D:4)
  An iguana (D:4)
  5 adders
  An adder skeleton (D:2)
  2 dart slugs
  An orc (D:3)
  3 endoplasms
  4 giant cockroaches
  4 goblins
  8 hobgoblins
  2 jackals (D:3)
  10 ball pythons
  8 bats
  2 frilled lizards (D:3)
  8 kobolds
  4 rats
77 creatures vanquished.

Vanquished Creatures (others)
  3 fungi (D:3)
3 creatures vanquished.

Grand Total: 80 creatures vanquished

Notes
Turn   | Place    | Note
-------+----------+-------------------------------------------
     0 | D:1      | hurricos the Troll Warper began the quest for the Orb.
     0 | D:1      | Reached XP level 1. HP: 19/19 MP: 1/1
   111 | D:1      | Reached XP level 2. HP: 27/27 MP: 2/2
   140 | D:1      | Found a faded altar of an unknown god.
   147 | D:1      | Got Plato's Collected Works on Earth
   211 | D:1      | Reached skill level 3 in Unarmed Combat
   224 | D:1      | Identified a scroll of acquirement
   224 | D:1      | Acquired 1172 gold pieces
   418 | D:2      | Noticed a necrophage
   438 | D:2      | Killed a necrophage
   439 | D:2      | Reached skill level 4 in Unarmed Combat
   439 | D:2      | Reached XP level 3. HP: 33/33 MP: 3/3
   439 | D:2      | Reached XP level 4. HP: 41/41 MP: 4/4
   445 | D:2      | Reached skill level 5 in Unarmed Combat
   809 | D:2      | Learned a level 2 spell: Blink
   851 | D:2      | Reached XP level 5. HP: 48/48 MP: 5/5
  1283 | D:3      | Found a burning altar of Makhleb.
  1386 | D:3      | Found a snail-covered altar of Cheibriados.
  1422 | D:3      | Became a worshipper of Cheibriados the Contemplative
  1618 | D:3      | Found an iron altar of Okawaru.
  1883 | D:3      | Found a runed translucent door.
  1884 | D:3      | Noticed Crazy Yiuf
  1935 | D:4      | Found a stormy altar of Qazlal.
  2002 | D:4      | Reached skill level 1 in Shields
  2002 | D:4      | Reached XP level 6. HP: 25/57 MP: 6/6
  2151 | D:4      | Reached * piety under Cheibriados
  2183 | D:4      | Reached skill level 6 in Unarmed Combat
  2475 | D:4      | Noticed a yak
  2475 | D:4      | Noticed a yak
  2475 | D:4      | Noticed a yak
  2478 | D:4      | Noticed a yak
  2478 | D:4      | Noticed a yak
  2479 | D:4      | Gained mutation: Armour fits poorly on your strangely
                  | shaped body. [potion of mutation]
  2479 | D:4      | Gained mutation: Your flesh is heat resistant. (rF+)
                  | [potion of mutation]
  2494 | D:4      | Killed a yak
  2495 | D:4      | Reached XP level 7. HP: 66/66 MP: 7/7
  2497 | D:4      | Killed a yak
  2499 | D:4      | Killed a yak
  2500 | D:4      | Reached skill level 7 in Unarmed Combat
  2503 | D:4      | Killed a yak
  2504 | D:4      | Reached XP level 8. HP: 75/75 MP: 8/8
  2665 | D:4      | Slain by a wight

Illustrated notes

Levels and vault maps discovered:
D:1:      lemuel_arrival_broad_hall, layout_basic,
          shapermc_ecumenical_altar_rom_forum
D:2:      layout_basic, minmay_vboxes
D:3:      layout_basic, okawaru_ov_weapons_minmay,
          mainiacjoe_overflow_catch_the_wave, uniq_crazy_yiuf_cottage
D:4:      layout_gridville, grunt_qazlal_sundering

Skill      XL: |  1  2  3  4  5  6  7  8 |
---------------+-------------------------+-----
Unarmed Combat | 4 5 6 7 |  7.7
Dodging        | 2 3 |  3.7
Fighting       | 2 3 |  3.5
Shields        | 1 2 3 |  3.0
Throwing       | |  0.8
Spellcasting   | |  1.2
Translocations | |  2.1

Action                   |  1- 3 |  4- 6 |  7- 9 || total
-------------------------+-------+-------+-------++-------
Melee: Unarmed           |    59 |   134 |    25 ||   218
  Use: Scroll            |     4 |     2 |       ||     6
       Potion            |       |     6 |     1 ||     7
 Stab: Distracted        |       |     1 |       ||     1
       Sleeping          |       |     1 |       ||     1
Armor: Robe              |    28 |    34 |     1 ||    63
Dodge: Dodged            |    34 |    42 |     9 ||    85
Block: Kite shield       |       |    32 |     6 ||    38
